[ AOE2 MATCH · #508072089 ]
UnrankedTupi vs Georgians
Player's team · LOSS
Rival team · WIN
[ REPLAY ANALYSIS · EXTRACTED FROM THE RECORDED GAME ]
Feudal
10:33
Castle
16:09
Imperial
35:59
| APM avg | 29.2 |
| APM peak | 60 |
| eAPM avg | 20.2 |
| Villagers / military | 182 / 201 |
Focus
⚔️ 39.3% · 🌾 60.7%
Spearman ×182 · Unknown (2579) ×119 · Unknown (2550) ×118 · Trebuchet (Packed) ×9 · Monk ×7 · Battering Ram ×3
Feudal
10:19
Castle
19:45
Imperial
35:58
| APM avg | 55.9 |
| APM peak | 109 |
| eAPM avg | 29.8 |
| Villagers / military | 182 / 367 |
Focus
⚔️ 37.7% · 🌾 62.3%
Monaspa ×209 · Skirmisher ×113 · Knight ×19 · Scout Cavalry ×9 · Militia ×6 · Monk ×5
Match map
Initial resources + every placement click. Lines = walls · curves = elevation contours. ◆ gold · ⬟ stone · ● berries · ✦ relic · ◌ wall gap
Your base· Open — unwalled flank
beadir's base· Open — 15t gap
Smoothed initial terrain · ◌ = detected wall gap · hover for details
Inputs per minute
— Jhoonas - - beadir
Build order — Jhoonas
First 150 of 549 actions detected
| 0:00 | Queue | Villager (Male) |
| 0:01 | Queue | Villager (Male) |
| 0:01 | Queue | Villager (Male) |
| 0:03 | Build | House |
| 0:05 | Build | House |
| 0:09 | Queue | Villager (Male) |
| 1:04 | Queue | Villager (Male) |
| 1:04 | Queue | Villager (Male) |
| 1:50 | Queue | Villager (Male) |
| 2:17 | Queue | Villager (Male) |
| 2:34 | Queue | Villager (Male) |
| 3:12 | Queue | Villager (Male) |
| 3:15 | Queue | Villager (Male) |
| 3:24 | Build | Settlement |
| 3:26 | Queue | Villager (Male) |
| 4:21 | Build | House |
| 4:38 | Queue | Villager (Male) |
| 4:43 | Queue | Villager (Male) |
| 5:04 | Queue | Villager (Male) |
| 5:10 | Queue | Villager (Male) |
| 5:32 | Queue | Villager (Male) |
| 5:37 | Build | Settlement |
| 6:28 | Queue | Villager (Male) |
| 6:48 | Queue | Villager (Male) |
| 6:49 | Queue | Villager (Male) |
| 6:50 | Research | Loom |
| 7:06 | Build | House |
| 7:36 | Build | Palisade Wall |
| 7:38 | Build | Palisade Wall |
| 7:42 | Build | Settlement |
| 7:49 | Build | Palisade Wall |
| 7:51 | Build | Palisade Wall |
| 7:52 | Build | Palisade Wall |
| 8:21 | Research | Feudal Age |
| 8:54 | Build | Palisade Wall |
| 8:57 | Build | Palisade Wall |
| 8:59 | Build | Palisade Wall |
| 9:17 | Queue | Villager (Male) |
| 9:18 | Queue | Villager (Male) |
| 9:45 | Build | Palisade Wall |
| 9:50 | Build | Palisade Wall |
| 9:53 | Build | Palisade Wall |
| 9:56 | Build | Palisade Wall |
| 10:33 | Age | Feudal Age |
| 10:53 | Build | Market |
| 12:03 | Build | Blacksmith |
| 12:41 | Build | Palisade Wall |
| 12:44 | Build | Palisade Wall |
| 12:52 | Build | Palisade Wall |
| 13:29 | Research | Castle Age |
| 13:49 | Build | House |
| 13:52 | Build | Farm |
| 14:15 | Build | Farm |
| 14:18 | Build | Palisade Wall |
| 14:41 | Build | Watch Tower |
| 14:52 | Queue | Villager (Male) |
| 14:52 | Queue | Villager (Male) |
| 15:00 | Build | Farm |
| 15:04 | Build | Farm |
| 15:48 | Research | Fletching |
| 15:58 | Build | House |
| 16:05 | Build | Farm |
| 16:09 | Age | Castle Age |
| 16:16 | Build | Palisade Wall |
| 16:25 | Build | Castle |
| 16:28 | Build | Palisade Wall |
| 16:35 | Queue | Villager (Male) |
| 16:35 | Queue | Villager (Male) |
| 17:16 | Queue | Villager (Male) |
| 17:19 | Build | Farm |
| 17:29 | Queue | Villager (Male) |
| 17:55 | Queue | Villager (Male) |
| 18:05 | Queue | Unit 2579 |
| 18:06 | Queue | Unit 2579 |
| 18:17 | Queue | Villager (Male) |
| 18:18 | Queue | Unit 2579 |
| 18:26 | Queue | Unit 2579 |
| 18:27 | Queue | Villager (Male) |
| 18:29 | Queue | Unit 2579 |
| 18:43 | Research | Bodkin Arrow |
| 18:43 | Queue | Villager (Male) |
| 18:45 | Queue | Unit 2579 |
| 18:54 | Build | Outpost |
| 18:58 | Queue | Villager (Male) |
| 18:58 | Queue | Villager (Male) |
| 19:00 | Queue | Unit 2579 |
| 19:16 | Queue | Unit 2579 |
| 19:29 | Queue | Unit 2579 |
| 19:30 | Queue | Villager (Male) |
| 19:41 | Build | Farm |
| 19:45 | Queue | Unit 2579 |
| 19:47 | Queue | Villager (Male) |
| 19:58 | Queue | Unit 2579 |
| 20:17 | Queue | Villager (Male) |
| 20:17 | Queue | Unit 2579 |
| 20:28 | Queue | Villager (Male) |
| 20:33 | Build | University |
| 20:52 | Build | Outpost |
| 20:56 | Queue | Unit 2579 |
| 20:56 | Queue | Villager (Male) |
| 20:59 | Queue | Unit 2579 |
| 21:24 | Queue | Villager (Male) |
| 21:42 | Research | Ballistics |
| 21:59 | Build | Outpost |
| 22:00 | Queue | Villager (Male) |
| 22:01 | Queue | Unit 2579 |
| 22:02 | Queue | Villager (Male) |
| 22:42 | Queue | Villager (Male) |
| 22:49 | Build | Outpost |
| 22:50 | Queue | Villager (Male) |
| 22:50 | Queue | Unit 2579 |
| 22:51 | Queue | Unit 2579 |
| 23:05 | Queue | Villager (Male) |
| 23:07 | Build | Farm |
| 23:08 | Queue | Villager (Male) |
| 23:12 | Queue | Unit 2579 |
| 23:26 | Queue | Unit 2579 |
| 23:43 | Queue | Unit 2579 |
| 23:48 | Research | Double-Bit Axe |
| 23:48 | Research | Horse Collar |
| 23:53 | Build | Farm |
| 24:11 | Queue | Villager (Male) |
| 24:11 | Queue | Villager (Male) |
| 24:19 | Build | Outpost |
| 24:34 | Queue | Unit 2579 |
| 24:35 | Queue | Villager (Male) |
| 24:40 | Build | Settlement |
| 24:45 | Build | Monastery |
| 24:49 | Queue | Unit 2579 |
| 24:55 | Queue | Unit 2579 |
| 25:02 | Research | Town Watch |
| 25:16 | Research | Bow Saw |
| 25:25 | Queue | Unit 2579 |
| 25:29 | Queue | Monk |
| 25:41 | Build | House |
| 25:47 | Build | Palisade Wall |
| 25:49 | Queue | Villager (Male) |
| 25:53 | Build | Farm |
| 25:54 | Queue | Villager (Male) |
| 26:01 | Queue | Unit 2579 |
| 26:17 | Queue | Villager (Male) |
| 26:25 | Build | Farm |
| 26:26 | Queue | Villager (Male) |
| 26:28 | Queue | Unit 2579 |
| 26:29 | Queue | Unit 2579 |
| 26:32 | Queue | Monk |
| 26:36 | Queue | Villager (Male) |
| 26:48 | Build | Farm |
| 26:50 | Build | Farm |
| 26:51 | Queue | Villager (Male) |
Build order — beadir
First 150 of 742 actions detected
| 0:00 | Queue | Villager (Male) |
| 0:02 | Build | House |
| 0:03 | Build | House |
| 0:13 | Queue | Villager (Male) |
| 0:13 | Queue | Villager (Male) |
| 0:17 | Queue | Villager (Male) |
| 0:17 | Queue | Villager (Male) |
| 1:27 | Queue | Villager (Male) |
| 1:27 | Queue | Villager (Male) |
| 1:59 | Queue | Villager (Male) |
| 1:59 | Queue | Villager (Male) |
| 2:25 | Queue | Villager (Male) |
| 2:26 | Queue | Villager (Male) |
| 2:36 | Build | House |
| 2:44 | Queue | Villager (Male) |
| 2:44 | Queue | Villager (Male) |
| 2:59 | Queue | Villager (Male) |
| 2:59 | Queue | Villager (Male) |
| 3:33 | Queue | Villager (Male) |
| 3:33 | Queue | Villager (Male) |
| 3:34 | Queue | Villager (Male) |
| 4:00 | Build | Barracks |
| 4:25 | Queue | Villager (Male) |
| 4:34 | Build | House |
| 4:48 | Queue | Militia |
| 4:48 | Queue | Militia |
| 4:55 | Queue | Villager (Male) |
| 5:11 | Queue | Villager (Male) |
| 5:30 | Queue | Militia |
| 5:31 | Queue | Villager (Male) |
| 5:58 | Build | House |
| 6:01 | Queue | Villager (Male) |
| 6:24 | Queue | Villager (Male) |
| 6:53 | Build | Mill |
| 7:19 | Research | Loom |
| 7:42 | Queue | Villager (Male) |
| 8:09 | Research | Feudal Age |
| 8:09 | Research | Feudal Age |
| 9:02 | Build | Mule Cart |
| 10:10 | Queue | Villager (Male) |
| 10:19 | Age | Feudal Age |
| 10:28 | Build | Blacksmith |
| 10:40 | Research | Man-at-Arms (upgrade) |
| 10:43 | Queue | Spearman |
| 10:45 | Queue | Villager (Male) |
| 11:02 | Research | Double-Bit Axe |
| 11:02 | Research | Double-Bit Axe |
| 11:03 | Queue | Villager (Male) |
| 11:09 | Build | House |
| 11:10 | Build | House |
| 11:14 | Research | Arson |
| 11:14 | Research | Arson |
| 11:18 | Build | House |
| 11:30 | Research | Town Watch |
| 11:31 | Queue | Villager (Male) |
| 11:46 | Queue | Militia |
| 11:49 | Research | Horse Collar |
| 11:49 | Research | Horse Collar |
| 11:50 | Queue | Villager (Male) |
| 11:50 | Queue | Villager (Male) |
| 12:05 | Build | Farm |
| 12:08 | Queue | Villager (Male) |
| 12:12 | Build | Farm |
| 12:22 | Build | Farm |
| 12:27 | Queue | Militia |
| 12:27 | Queue | Militia |
| 12:36 | Build | Farm |
| 12:42 | Build | Palisade Wall |
| 12:43 | Build | House |
| 12:51 | Build | Farm |
| 13:00 | Queue | Villager (Male) |
| 13:17 | Build | Farm |
| 13:19 | Build | Farm |
| 13:31 | Queue | Villager (Male) |
| 13:47 | Build | Farm |
| 13:59 | Queue | Villager (Male) |
| 14:04 | Build | Farm |
| 14:08 | Build | Farm |
| 14:22 | Build | House |
| 14:23 | Build | House |
| 14:32 | Research | Forging |
| 14:34 | Queue | Villager (Male) |
| 14:36 | Build | Farm |
| 14:54 | Queue | Villager (Male) |
| 14:56 | Build | Farm |
| 15:12 | Queue | Villager (Male) |
| 15:16 | Build | Farm |
| 16:04 | Build | Market |
| 16:08 | Queue | Villager (Male) |
| 16:10 | Build | Farm |
| 16:15 | Build | Farm |
| 16:22 | Build | Farm |
| 16:27 | Queue | Villager (Male) |
| 16:47 | Build | Mule Cart |
| 17:05 | Research | Castle Age |
| 17:05 | Research | Castle Age |
| 17:35 | Research | Gold Mining |
| 17:44 | Research | Scale Mail Armor |
| 18:28 | Queue | Villager (Male) |
| 18:30 | Research | Forging |
| 18:39 | Build | Stable |
| 18:41 | Build | Stable |
| 19:05 | Build | House |
| 19:28 | Research | Scale Barding Armor |
| 19:28 | Research | Scale Barding Armor |
| 19:29 | Research | Bloodlines |
| 19:29 | Research | Bloodlines |
| 19:40 | Queue | Villager (Male) |
| 19:45 | Age | Castle Age |
| 19:48 | Queue | Knight |
| 19:50 | Queue | Knight |
| 19:54 | Build | Town Center |
| 20:01 | Build | Town Center |
| 20:08 | Queue | Villager (Male) |
| 20:14 | Build | House |
| 20:28 | Queue | Villager (Male) |
| 20:44 | Queue | Villager (Male) |
| 20:44 | Queue | Villager (Male) |
| 20:45 | Queue | Knight |
| 20:45 | Queue | Knight |
| 20:53 | Research | Husbandry |
| 20:54 | Queue | Villager (Male) |
| 20:54 | Queue | Villager (Male) |
| 21:01 | Build | House |
| 21:02 | Build | House |
| 21:05 | Build | Palisade Wall |
| 21:06 | Build | Palisade Wall |
| 21:13 | Queue | Villager (Male) |
| 21:28 | Build | Farm |
| 21:29 | Build | Farm |
| 21:55 | Queue | Villager (Male) |
| 21:58 | Queue | Knight |
| 21:58 | Queue | Knight |
| 22:11 | Queue | Villager (Male) |
| 22:19 | Queue | Villager (Male) |
| 22:34 | Queue | Knight |
| 22:45 | Build | Farm |
| 22:45 | Build | Farm |
| 22:46 | Build | Farm |
| 22:47 | Build | Farm |
| 22:48 | Queue | Villager (Male) |
| 22:53 | Build | Farm |
| 22:54 | Build | Farm |
| 23:15 | Queue | Villager (Male) |
| 23:15 | Queue | Villager (Male) |
| 23:53 | Queue | Knight |
| 23:56 | Queue | Villager (Male) |
| 23:56 | Queue | Villager (Male) |
| 24:00 | Build | Farm |
| 24:01 | Build | Farm |
Match timeline
| 4:00 | beadir · first_building Barracks |
| 7:36 | Jhoonas · wall_segment Palisade Wall x3 |
| 7:38 | Jhoonas · wall_segment Palisade Wall x1 |
| 7:49 | Jhoonas · wall_segment Palisade Wall x1 |
| 7:51 | Jhoonas · wall_segment Palisade Wall x1 |
| 7:52 | Jhoonas · wall_segment Palisade Wall x1 |
| 8:54 | Jhoonas · wall_segment Palisade Wall x3 |
| 8:57 | Jhoonas · wall_segment Palisade Wall x4 |
| 8:59 | Jhoonas · wall_segment Palisade Wall x3 |
| 9:45 | Jhoonas · wall_segment Palisade Wall x4 |
| 9:50 | Jhoonas · wall_segment Palisade Wall x2 |
| 9:53 | Jhoonas · wall_segment Palisade Wall x5 |
| 9:56 | Jhoonas · wall_segment Palisade Wall x3 |
| 10:19 | beadir · age_up feudal |
| 10:33 | Jhoonas · age_up feudal |
| 12:41 | Jhoonas · wall_segment Palisade Wall x6 |
| 12:42 | beadir · wall_segment Palisade Wall x1 |
| 12:44 | Jhoonas · wall_segment Palisade Wall x8 |
| 12:52 | Jhoonas · wall_segment Palisade Wall x1 |
| 14:18 | Jhoonas · wall_segment Palisade Wall x1 |
| 16:09 | Jhoonas · age_up castle |
| 16:16 | Jhoonas · wall_segment Palisade Wall x1 |
| 16:25 | Jhoonas · first_building Castle |
| 16:28 | Jhoonas · wall_segment Palisade Wall x3 |
| 17:01 | beadir · first_market_buy 100 food |
| 17:04 | beadir · first_market_sell 100 wood |
| 18:39 | beadir · first_building Stable |
| 18:42 | Jhoonas · first_market_buy 100 food |
| 19:45 | beadir · age_up castle |
| 21:05 | beadir · wall_segment Palisade Wall x1 |
| 21:06 | beadir · wall_segment Palisade Wall x3 |
| 24:20 | beadir · first_building Monastery |
| 24:45 | Jhoonas · first_building Monastery |
| 25:47 | Jhoonas · wall_segment Palisade Wall x1 |
| 27:09 | Jhoonas · first_market_sell 100 wood |
| 31:29 | beadir · first_building Castle |
| 35:58 | beadir · age_up imperial |
| 35:59 | Jhoonas · age_up imperial |
| 36:12 | Jhoonas · first_building Barracks |
| 42:37 | beadir · first_building Archery Range |
| 48:53 | beadir · wall_segment Stone Wall x1 |
| 48:56 | beadir · wall_segment Stone Wall x1 |
| 48:57 | beadir · wall_segment Stone Wall x1 |
| 48:59 | beadir · wall_segment Stone Wall x1 |
| 49:00 | beadir · wall_segment Stone Wall x1 |
| 54:32 | Jhoonas · first_building Siege Workshop |
| 60:06 | Jhoonas · resign |
[ AI ANALYSIS · 1 CREDIT ]
What really happened in this match?
Wolo.gg analyzes every decision: build order, eco, micro, common mistakes by bracket. Personalized analysis on WhatsApp or Discord in 30 seconds.
Civ guide
Tupi
Perfil
Jugador #22596682